 Dungeon Crawl Stone Soup version 0.17-a0-1533-g2f57bce (webtiles) character file.

1172 urechis the Basher (level 8, 0/92 HPs)
             Began as an Ogre Gladiator on July 16, 2015.
             Was a Follower of Ru.
             Slain by an orc warrior
             ... wielding a +0 mace
              (14 damage)
             ... on level 6 of the Dungeon.
             The game lasted 00:14:09 (6706 turns).

urechis the Basher (Ogre Gladiator)                 Turns: 6706, Time: 00:14:09

Health: 0/92       AC:  4    Str: 23    XL:     8   Next: 41%
Magic:  8/8        EV:  9    Int:  7    God:    Ru [*.....]
Gold:   192        SH:  0    Dex: 10    Spells: 0 memorised, 7 levels left

rFire  . . .     SeeInvis .     a - +0 flail
rCold  . . .     Clarity  .     s - +0 robe
rNeg   . . .     SustAt   .     (no shield)
rPois  +         Gourm    .     c - +0 hat
rElec  .         Spirit   .     y - +0 cloak
rCorr  .         Warding  .     (gloves unavailable)
rMut   .         Stasis   .     (boots unavailable)
MR     .....                    k - amulet of faith
Stlth  +.........               (no ring)
                                B - ring of poison resistance

@: not resistant to hostile enchantments, very unstealthy
A: unfitting armour, tough skin 1, inability to train dodging
a: Renounce Religion


You were on level 6 of the Dungeon.
You worshipped Ru.
Ru was aware of your devotion.
You were very hungry.

You visited 1 branch of the dungeon, and saw 6 of its levels.

You collected 192 gold pieces.

Inventory:

Hand weapons
 a - a +0 flail (weapon)
 b - a +0 blowgun
 u - a +0 giant club
Missiles
 e - 3 throwing nets (quivered)
 j - 39 poisoned needles
Armour
 c - a +0 hat (worn)
 s - a +0 robe (worn)
 y - a +0 cloak (worn)
Jewellery
 k - an amulet of faith (around neck)
 n - an uncursed ring of ice
 B - a ring of poison resistance (left hand)
Magical devices
 D - a wand of fire (14)
Scrolls
 f - a scroll of teleportation {unknown}
 g - 6 scrolls of identify {unknown}
 h - 7 scrolls of remove curse {unknown}
 i - a scroll of random uselessness {unknown}
 p - a scroll of magic mapping {unknown}
 q - 2 scrolls of enchant weapon {unknown}
 r - a scroll of recharging {unknown}
 t - 2 scrolls of fog {unknown}
 v - a scroll of noise {unknown}
 A - a scroll of enchant armour {unknown}
Potions
 l - a potion of lignification {unknown}
 m - a potion of haste
 o - a potion of curing
 x - a potion of magic
 C - a potion of agility {unknown}
Comestibles
 d - 6 bread rations
 w - a slice of pizza
 z - 3 beef jerkies


   Skills:
 + Level 9.4 Fighting
 + Level 9.8 Maces & Flails
 - Level 2.1 Throwing


You had 7 spell levels left.
You didn't know any spells.

Dungeon Overview and Level Annotations

Branches:
Dungeon (6/15)             Temple (0/1) D:5

Altars:
Ashenzari
Elyvilon
Kikubaaqudgha
Nemelex Xobeh
Qazlal
Ru
Trog
Vehumet
The Shining One


Innate Abilities, Weirdness & Mutations

You are too large for most types of armour.
You have tough skin (AC +1).
You cannot train Dodging skill.


Message History

You are too injured to fight recklessly!
You are too injured to fight recklessly!
You are too injured to fight recklessly!
You are too injured to fight recklessly!
You closely miss the orc warrior. The orc warrior hits you with a mace.
* * * LOW HITPOINT WARNING * * *
You sock the orc warrior!
The orc warrior is moderately wounded.
The orc warrior closely misses you.
You closely miss the orc warrior.
The orc warrior is moderately wounded.
The orc warrior hits you with a mace!
* * * LOW HITPOINT WARNING * * *
You barely miss the orc warrior.
The orc warrior is moderately wounded.
The orc priest begins to pray, but is stunned by your will!
You closely miss the orc warrior.
The orc warrior is moderately wounded.
The orc warrior hits you with a mace!
You die...

## #### #. ...# ###(##..#.#
.......#.# .o...#.###### .##
######o..#....... #.#
#......@.#..............
#........#............#.
.###.......................
.........................#.
............##...........##
.......)....##.............
.......รท....##..........[##
....#.......##.............
. #.......##......##.#...


You could see an orc warrior and an orc priest.

Vanquished Creatures
  A phantom (D:6)
  An orc warrior (D:6)
  A black bear (D:6)
  2 ogres
  An ice beast (D:6)
  A sky beast (D:5)
  A giant frog zombie (D:5)
  An orc priest (D:6)
  3 worker ants
  An iguana (D:5)
  A hound skeleton (D:6)
  A worker ant zombie (D:5)
  14 adders
  11 gnolls
  2 oozes
  An adder skeleton (D:4)
  An adder zombie (D:6)
  4 worms
  5 orcs
  3 ball pythons
  4 giant cockroaches
  10 goblins
  12 hobgoblins
  8 kobolds
  A quokka (D:5)
  8 bats
  7 giant geckos
  2 giant newts
  12 jackals
  6 rats
  A plant (D:2)
127 creatures vanquished.

Notes
Turn   | Place    | Note
--------------------------------------------------------------
     0 | D:1      | urechis the Ogre Gladiator began the quest for the Orb.
     0 | D:1      | Reached XP level 1. HP: 22/22 MP: 1/1
   341 | D:1      | Reached XP level 2. HP: 31/31 MP: 2/2
   835 | D:2      | Reached XP level 3. HP: 30/39 MP: 3/3
   865 | D:1      | Reached skill level 5 in Maces & Flails
  1958 | D:2      | Reached XP level 4. HP: 25/49 MP: 4/4
  2131 | D:2      | Found a faded altar to an unknown god.
  2681 | D:3      | Reached skill level 5 in Fighting
  2684 | D:3      | Reached XP level 5. HP: 38/57 MP: 5/5
  2774 | D:3      | Found a sparkling altar of Nemelex Xobeh.
  2812 | D:3      | Found a bloodstained altar of Trog.
  2914 | D:3      | Reached skill level 6 in Maces & Flails
  3788 | D:4      | Found a glowing golden altar of the Shining One.
  3791 | D:4      | Found an ancient bone altar of Kikubaaqudgha.
  3794 | D:4      | Found a white marble altar of Elyvilon.
  3809 | D:4      | Found a sacrificial altar of Ru.
  3816 | D:4      | Became a worshipper of Ru the Awakened
  3948 | D:4      | Noticed an ogre
  3994 | D:3      | Reached XP level 6. HP: 10/67 MP: 6/6
  4581 | D:5      | Entered Level 5 of the Dungeon
  4614 | D:5      | Reached skill level 7 in Maces & Flails
  4674 | D:5      | HP: 3/68 [poisoned by an adder]
  4989 | D:5      | Reached XP level 7. HP: 25/78 MP: 7/7
  5066 | D:4      | Killed an ogre
  5161 | D:5      | Found a radiant altar of Vehumet.
  5176 | D:5      | Found a shattered altar of Ashenzari.
  5199 | D:5      | Reached skill level 8 in Maces & Flails
  5329 | D:5      | Found a stormy altar of Qazlal.
  5462 | D:5      | Found a staircase to the Ecumenical Temple.
  5664 | D:5      | Gained mutation: You cannot train Dodging skill. [Ru sacrifice]
  5664 | D:5      | Acquired Ru's first power
  6234 | D:6      | Reached skill level 9 in Maces & Flails
  6234 | D:6      | Reached XP level 8. HP: 60/89 MP: 8/8
  6706 | D:6      | Slain by an orc warrior

Vault maps used:
D:1:      minmay_arrival_up_and_down
D:2:      ecumenical_altar_1, st_stairs_9, serial_bayou_lagoon_a
D:3:      nemelex_xobeh_ov_fountains_minmay, bloody_trog, first_bread
D:4:      grunt_temple_overflow_cloverleaf, minivault_23,
          minmay_tree_intersection
D:5:      grunt_temple_overflow_open, temple_hall, grunt_qazlal_sundering
D:6:      kennysheep_generic_room_4, uniq_crazy_yiuf_cottage, uniq_eustachio

Action                   |  1- 3 |  4- 6 |  7- 9 || total
-------------------------+-------+-------+-------++-------
Melee: Flail             |   121 |   255 |   132 ||   508
 Fire: Blowgun           |       |     2 |    11 ||    13
Invok: Sacrifice Nimblen |       |       |     1 ||     1
  Use: Potion            |       |     4 |       ||     4
 Stab: Sleeping          |       |       |     2 ||     2
  Eat: Chunk             |     3 |    10 |     5 ||    18
